TOP OF THE 1ST |
Somerset Patriots batting - Pitching for Peoria Chiefs : RHP Chih-Jung Liu
|
Pitching: RHP Chih-Jung Liu
|
|
Batting: SHB Brenny Escanio
|
0-0: Ball 1-0: Foul Ball, location: 2F 1-1: Ball 2-1: Foul Ball, location: 3F 2-2: Ball 3-2: Foul Ball, location: 9LMF 3-2: Foul Ball, location: 2F 3-2: Foul Ball, location: 23F 3-2: Foul Ball, location: 2F 3-2: Strikes out swinging
|
Batting: SHB Keiner Delgado
|
0-0: Ball 1-0: Called Strike 1-1: Ball 2-1: Swinging Strike 2-2: Ball 3-2: Strikes out looking
|
Batting: SHB Jasson Dominguez
|
0-0: Foul Ball, location: 7LDF 0-1: Ball 1-1: Foul Ball, location: 3FF 1-2: Ball 2-2: Ball 3-2: Ground out 4-3 (Groundball, 4, EV 98.1 MPH)
|
Top of the 1st over - 0 runs, 0 hits, 0 errors, 0 left on base; Somerset 0 - Peoria 0 |
BOTTOM OF THE 1ST |
Peoria Chiefs batting - Pitching for Somerset Patriots : RHP Luis Serna
|
Pitching: RHP Luis Serna
|
|
Batting: RHB Alexander Suarez
|
0-0: Ball 1-0: Swinging Strike 1-1: Ball 2-1: Swinging Strike 2-2: Ball 3-2: Foul Ball, location: 5F 3-2: Foul Ball, location: 2F 3-2: Foul Ball, location: 3DF 3-2: Fly out, F8 (Line Drive, 8RD, EV 91.9 MPH)
|
Batting: LHB Nate Furman
|
0-0: Called Strike 0-1: SINGLE (Line Drive, 8RS, EV 107.5 MPH)
|
Batting: RHB Zane Gelphman
|
0-0: Ball 1-0: Ball 2-0: Foul Ball, location: 2F 2-1: Swinging Strike 2-2: Strikes out looking
|
Batting: LHB Esteban Gonzalez
|
0-0: Foul Ball, location: 5F 0-1: Ball 1-1: Fielders Choice at 2nd, 6-4 (Groundball, 6, EV 88.1 MPH)
|
Bottom of the 1st over - 0 runs, 1 hit, 0 errors, 1 left on base; Somerset 0 - Peoria 0 |
TOP OF THE 2ND |
Somerset Patriots batting - Pitching for Peoria Chiefs : RHP Chih-Jung Liu
|
Batting: RHB Antonio Gomez
|
0-0: Fly out, F9 (Flyball, 9, EV 91.3 MPH)
|
Batting: LHB Daury Arias
|
0-0: Ball 1-0: Ball 2-0: Foul Ball, location: 2F 2-1: SINGLE (Groundball, 34D, EV 101.3 MPH)
|
Batting: RHB Luis Ogando
|
0-0: Ball 1-0: Ball 2-0: Ball 3-0: Called Strike 3-1: Swinging Strike 3-2: Foul Ball, location: 9LDF 3-2: Ground out 5-3 (Groundball, 5, EV 105.0 MPH) Daury Arias to second
|
Batting: RHB Brando Mayea
|
0-0: Called Strike 0-1: Ball 1-1: Swinging Strike 1-2: Ball 2-2: Foul Ball, location: 9LMF 2-2: Strikes out swinging
|
Top of the 2nd over - 0 runs, 1 hit, 0 errors, 1 left on base; Somerset 0 - Peoria 0 |
BOTTOM OF THE 2ND |
Peoria Chiefs batting - Pitching for Somerset Patriots : RHP Luis Serna
|
Batting: RHB Jeffry Parra
|
0-0: Ball 1-0: Called Strike 1-1: Foul Ball, location: 9LMF 1-2: Ball 2-2: Foul Ball, location: 2F 2-2: Ball 3-2: Strikes out swinging
|
Batting: LHB Carlos Jimenez
|
0-0: Ball 1-0: Ball 2-0: Foul Ball, location: 7LSF 2-1: Foul Ball, location: 9LDF 2-2: Ground out 6-3 (Groundball, 4MS, EV 86.3 MPH)
|
Batting: LHB Tyler Duncan
|
0-0: Ball 1-0: Called Strike 1-1: Foul Ball, location: 7LDF 1-2: Ball 2-2: Ball 3-2: Strikes out swinging
|
Bottom of the 2nd over - 0 runs, 0 hits, 0 errors, 0 left on base; Somerset 0 - Peoria 0 |
TOP OF THE 3RD |
Somerset Patriots batting - Pitching for Peoria Chiefs : RHP Chih-Jung Liu
|
Batting: SHB Andres Lacruz
|
0-0: Ball 1-0: Ball 2-0: Called Strike 2-1: Ball 3-1: Foul Ball, location: 2F 3-2: Strikes out swinging
|
Batting: RHB Osmany Fleitas
|
0-0: Fly out, F6 (Popup, 6, EV 53.1 MPH)
|
Batting: SHB Brenny Escanio
|
0-0: Called Strike 0-1: Swinging Strike 0-2: Strikes out swinging
|
Top of the 3rd over - 0 runs, 0 hits, 0 errors, 0 left on base; Somerset 0 - Peoria 0 |
BOTTOM OF THE 3RD |
Peoria Chiefs batting - Pitching for Somerset Patriots : RHP Luis Serna
|
Batting: RHB Eruviel Castillo
|
0-0: Called Strike 0-1: Ball 1-1: Ball 2-1: Ball 3-1: Foul Ball, location: 2F 3-2: Ground out 4-3 (Groundball, 4, EV 89.4 MPH)
|
Batting: SHB Cameron Decker
|
0-0: Ball 1-0: Swinging Strike 1-1: Ball 2-1: Foul Ball, location: 25FF 2-2: Strikes out swinging
|
Batting: RHB Alexander Suarez
|
0-0: Ball 1-0: Called Strike 1-1: Called Strike 1-2: Strikes out swinging
|
Bottom of the 3rd over - 0 runs, 0 hits, 0 errors, 0 left on base; Somerset 0 - Peoria 0 |
TOP OF THE 4TH |
Somerset Patriots batting - Pitching for Peoria Chiefs : RHP Chih-Jung Liu
|
Batting: SHB Keiner Delgado
|
0-0: Ball 1-0: Ball 2-0: Fly out, F8 (Flyball, 8LD, EV 92.5 MPH)
|
Batting: SHB Jasson Dominguez
|
0-0: SOLO HOME RUN (Flyball, 9LD, EV 96.9 MPH), Distance : 339 ft
|
Batting: RHB Antonio Gomez
|
0-0: Foul Ball, location: 2F 0-1: Ball 1-1: Called Strike 1-2: Ball 2-2: Ball 3-2: Strikes out swinging, 2-3 out at first.
|
Batting: LHB Daury Arias
|
0-0: Ball 1-0: Called Strike 1-1: Ball 2-1: Foul Ball, location: 2F 2-2: Foul Ball, location: 2F 2-2: Ball 3-2: Strikes out looking
|
Top of the 4th over - 1 run, 1 hit, 0 errors, 0 left on base; Somerset 1 - Peoria 0 |
BOTTOM OF THE 4TH |
Peoria Chiefs batting - Pitching for Somerset Patriots : RHP Luis Serna
|
Batting: LHB Nate Furman
|
0-0: Called Strike 0-1: Called Strike 0-2: Ball 1-2: Fly out, F6 (Line Drive, 6, EV 76.9 MPH)
|
Batting: RHB Zane Gelphman
|
0-0: Ball 1-0: Foul Ball, location: 3DF 1-1: Hit by Pitch
|
Batting: LHB Esteban Gonzalez
|
0-0: Fielders Choice at 2nd, 3-6 (Groundball, 34S, EV 88.1 MPH)
|
Batting: RHB Jeffry Parra
|
0-0: Called Strike 0-1: Fly out, F8 (Flyball, 8RM, EV 91.9 MPH)
|
Bottom of the 4th over - 0 runs, 0 hits, 0 errors, 1 left on base; Somerset 1 - Peoria 0 |
TOP OF THE 5TH |
Somerset Patriots batting - Pitching for Peoria Chiefs : RHP Chih-Jung Liu
|
Batting: RHB Luis Ogando
|
0-0: Ball 1-0: Ball 2-0: Foul Ball, location: 3SF 2-1: Ball 3-1: Swinging Strike 3-2: Strikes out swinging
|
Batting: RHB Brando Mayea
|
0-0: Ball 1-0: SOLO HOME RUN (Flyball, 8RXD, EV 101.9 MPH), Distance : 423 ft
|
Batting: SHB Andres Lacruz
|
0-0: Ball 1-0: Ball 2-0: DOUBLE (Flyball, 7LD, EV 97.5 MPH)
|
Batting: RHB Osmany Fleitas
|
0-0: Ball 1-0: Swinging Strike 1-1: Foul Ball, location: 5SF 1-2: Ball Wild Pitch! Andres Lacruz to third 2-2: Strikes out swinging
|
Batting: SHB Brenny Escanio
|
0-0: Called Strike 0-1: Ball 1-1: 2-RUN HOME RUN (Flyball, 9D, EV 102.5 MPH), Distance : 364 ft
|
Batting: SHB Keiner Delgado
|
0-0: Ball 1-0: Ball 2-0: Reached via error on a dropped throw from 1B, E1 (Groundball, 34, EV 106.9 MPH)
|
Batting: SHB Jasson Dominguez
|
0-0: Called Strike Keiner Delgado steals 2nd base 0-1: Fly out, F4 (Line Drive, 4, EV 71.3 MPH)
|
Top of the 5th over - 3 runs, 3 hits, 1 error, 1 left on base; Somerset 4 - Peoria 0 |
BOTTOM OF THE 5TH |
Peoria Chiefs batting - Pitching for Somerset Patriots : RHP Luis Serna
|
Batting: LHB Carlos Jimenez
|
0-0: Foul Ball, location: 7LMF 0-1: Ball 1-1: Swinging Strike 1-2: Strikes out swinging
|
Batting: LHB Tyler Duncan
|
0-0: Ball 1-0: Swinging Strike 1-1: Foul Ball, location: 3FF 1-2: Strikes out swinging
|
Batting: RHB Eruviel Castillo
|
0-0: Ball 1-0: Ball 2-0: Called Strike 2-1: Foul Ball, location: 2F 2-2: Foul Ball, location: 23FF 2-2: Strikes out looking
|
Bottom of the 5th over - 0 runs, 0 hits, 0 errors, 0 left on base; Somerset 4 - Peoria 0 |
TOP OF THE 6TH |
Somerset Patriots batting - Pitching for Peoria Chiefs : RHP Chih-Jung Liu
|
Batting: RHB Antonio Gomez
|
0-0: Called Strike 0-1: SOLO HOME RUN (Flyball, 78XD, EV 100.6 MPH), Distance : 391 ft
|
Pitching: RHP Michael Cuevas
|
|
Batting: LHB Daury Arias
|
0-0: Ball 1-0: DOUBLE (Line Drive, 9LS, EV 94.4 MPH)
|
Batting: RHB Luis Ogando
|
0-0: Ball 1-0: Ball 2-0: Called Strike 2-1: Ball 3-1: Fly out, F3 (Popup, 34, EV 83.1 MPH)
|
Batting: RHB Brando Mayea
|
0-0: Called Strike 0-1: Swinging Strike 0-2: Strikes out swinging
|
Batting: SHB Andres Lacruz
|
0-0: Swinging Strike 0-1: Fly out, F9 (Flyball, 9LD, EV 106.9 MPH)
|
Top of the 6th over - 1 run, 2 hits, 0 errors, 1 left on base; Somerset 5 - Peoria 0 |
BOTTOM OF THE 6TH |
Peoria Chiefs batting - Pitching for Somerset Patriots : RHP Luis Serna
|
Batting: SHB Cameron Decker
|
0-0: Ball 1-0: Called Strike 1-1: Foul Ball, location: 5DF 1-2: Ball 2-2: Strikes out swinging
|
Batting: RHB Alexander Suarez
|
0-0: Ground out 6-3 (Groundball, 6, EV 80.0 MPH)
|
Batting: LHB Nate Furman
|
0-0: Called Strike 0-1: Ball 1-1: Ball 2-1: Ball 3-1: Foul Ball, location: 2F 3-2: Base on Balls
|
Pitching: RHP Joshawn Lampson
|
|
Batting: RHB Zane Gelphman
|
0-0: 2-RUN HOME RUN (Flyball, 7LD, EV 91.9 MPH), Distance : 327 ft
|
Batting: LHB Esteban Gonzalez
|
0-0: Ball 1-0: Called Strike 1-1: Called Strike 1-2: Ground out 1-3 (Groundball, P, EV 70.6 MPH)
|
Bottom of the 6th over - 2 runs, 1 hit, 0 errors, 0 left on base; Somerset 5 - Peoria 2 |
TOP OF THE 7TH |
Somerset Patriots batting - Pitching for Peoria Chiefs : RHP Michael Cuevas
|
Batting: RHB Osmany Fleitas
|
0-0: Ball 1-0: Foul Ball, location: 9LDF 1-1: Foul Ball, location: 2F 1-2: Strikes out swinging
|
Batting: SHB Brenny Escanio
|
0-0: Ground out 5-3 (Groundball, 56, EV 103.1 MPH)
|
Batting: SHB Keiner Delgado
|
0-0: Ball 1-0: Called Strike 1-1: Foul Ball, location: 5SF 1-2: Strikes out looking
|
Top of the 7th over - 0 runs, 0 hits, 0 errors, 0 left on base; Somerset 5 - Peoria 2 |
BOTTOM OF THE 7TH |
Peoria Chiefs batting - Pitching for Somerset Patriots : RHP Joshawn Lampson
|
Batting: RHB Jeffry Parra
|
0-0: Ball 1-0: Called Strike 1-1: Foul Ball, location: 2F 1-2: Foul Ball, location: 23FF 1-2: Ball 2-2: SINGLE (Line Drive, 8RS, EV 96.3 MPH)
|
Batting: LHB Carlos Jimenez
|
0-0: Ball 1-0: Ball 2-0: Fly out, F7 (Flyball, 7S, EV 91.9 MPH)
|
Pinch Hitting: LHB Carlos Sanchez
|
0-0: Called Strike 0-1: Ball 1-1: Ground out 4-3 (Groundball, 34, EV 97.5 MPH) Jeffry Parra to second
|
Batting: RHB Eruviel Castillo
|
0-0: Ground out 4-3 (Groundball, 4MS, EV 78.8 MPH)
|
Bottom of the 7th over - 0 runs, 1 hit, 0 errors, 1 left on base; Somerset 5 - Peoria 2 |
TOP OF THE 8TH |
Somerset Patriots batting - Pitching for Peoria Chiefs : RHP Michael Cuevas
|
Now in RF: Carlos Sanchez
|
|
Batting: SHB Jasson Dominguez
|
0-0: Ball 1-0: Swinging Strike 1-1: Called Strike 1-2: Ball 2-2: Ball 3-2: Fly out, F9 (Line Drive, 9LM, EV 92.5 MPH)
|
Batting: RHB Antonio Gomez
|
0-0: Ball 1-0: Ball 2-0: Ball 3-0: Called Strike 3-1: SOLO HOME RUN (Flyball, 78XD, EV 110.0 MPH), Distance : 409 ft
|
Batting: LHB Daury Arias
|
0-0: Called Strike 0-1: Ball 1-1: Swinging Strike 1-2: Strikes out looking
|
Batting: RHB Luis Ogando
|
0-0: Ball 1-0: Called Strike 1-1: Foul Ball, location: 3FF 1-2: Foul Ball, location: 2F 1-2: Foul Ball, location: 3SF 1-2: Ball 2-2: Strikes out swinging
|
Top of the 8th over - 1 run, 1 hit, 0 errors, 0 left on base; Somerset 6 - Peoria 2 |
BOTTOM OF THE 8TH |
Peoria Chiefs batting - Pitching for Somerset Patriots : RHP Joshawn Lampson
|
Batting: SHB Cameron Decker
|
0-0: Ball 1-0: SINGLE (Line Drive, 6D, EV 101.9 MPH)
|
Batting: RHB Alexander Suarez
|
0-0: Called Strike 0-1: Ball 1-1: Ball 2-1: Called Strike 2-2: Fielders Choice at 2nd, 2-6 (Groundball, 2R, EV 68.1 MPH)
|
Batting: LHB Nate Furman
|
0-0: Called Strike 0-1: Called Strike 0-2: Ball 1-2: Grounds into double play, 4-6-3 (Groundball, 4, EV 85.0 MPH)
|
Bottom of the 8th over - 0 runs, 1 hit, 0 errors, 0 left on base; Somerset 6 - Peoria 2 |
TOP OF THE 9TH |
Somerset Patriots batting - Pitching for Peoria Chiefs : RHP Michael Cuevas
|
Pitching: RHP Arielbi Gonzalez
|
|
Batting: RHB Brando Mayea
|
0-0: Ball 1-0: Ball 2-0: Called Strike 2-1: Fly out, F7 (Flyball, 7D, EV 101.9 MPH)
|
Batting: SHB Andres Lacruz
|
0-0: Foul Ball, location: 5SF 0-1: Hit by Pitch
|
Batting: RHB Osmany Fleitas
|
0-0: Ground out 6-3 (Groundball, P, EV 86.9 MPH) Andres Lacruz to second
|
Batting: SHB Brenny Escanio
|
0-0: Foul Ball, location: 25F 0-1: Ball 1-1: Called Strike 1-2: Foul Ball, location: 9LSF 1-2: Foul Ball, location: 5FF 1-2: Strikes out swinging
|
Top of the 9th over - 0 runs, 0 hits, 0 errors, 1 left on base; Somerset 6 - Peoria 2 |
BOTTOM OF THE 9TH |
Peoria Chiefs batting - Pitching for Somerset Patriots : RHP Joshawn Lampson
|
Pitching: RHP Juan Abreu
|
|
Batting: RHB Zane Gelphman
|
0-0: Called Strike 0-1: SOLO HOME RUN (Flyball, 8LXD, EV 100.0 MPH), Distance : 413 ft
|
Pinch Hitting: RHB Sam Praytor
|
0-0: Ball 1-0: Called Strike 1-1: Called Strike 1-2: Foul Ball, location: 9LMF 1-2: Strikes out swinging
|
Batting: RHB Jeffry Parra
|
0-0: Ground out 1-3 (Groundball, 13S, EV 73.1 MPH)
|
Batting: LHB Carlos Jimenez
|
0-0: Called Strike 0-1: Ball 1-1: SINGLE (Groundball, 4MD, EV 101.3 MPH)
|
Pitching: RHP Eric Marinez
|
|
Batting: LHB Carlos Sanchez
|
0-0: Foul Ball, location: 2F 0-1: Ball 1-1: Ball 2-1: Called Strike 2-2: Ball 3-2: Foul Ball, location: 7LMF 3-2: Foul Ball, location: 2F 3-2: Base on Balls Carlos Jimenez to second
|
Batting: RHB Eruviel Castillo
|
0-0: Ball 1-0: Ball 2-0: Foul Ball, location: 2F 2-1: Ball 3-1: SINGLE (Groundball, 34D, EV 105.0 MPH) Carlos Jimenez to third Carlos Sanchez to second
|
Batting: SHB Cameron Decker
|
0-0: Foul Ball, location: 5F 0-1: Swinging Strike 0-2: Ball 1-2: Strikes out swinging
|
Bottom of the 9th over - 1 run, 3 hits, 0 errors, 3 left on base; Somerset 6 - Peoria 3 |
|